 Dungeon Crawl Stone Soup version 0.26-a0-542-gbaa144ba5c (webtiles) character file.

Game seed: 13138793603647461413

654 Errates the Digger (level 7, -2/36 HPs)
             Began as a Gargoyle Earth Elementalist on Aug 18, 2020.
             Was a Follower of Vehumet.
             Slain by an iguana (8 damage)
             ... on level 4 of the Dungeon.
             The game lasted 00:11:39 (5168 turns).

Errates the Digger (Gargoyle Earth Elementalist)    Turns: 5168, Time: 00:11:41

Health: -2/36      AC: 10    Str: 12    XL:     7   Next: 54%
Magic:  12/14      EV: 12    Int: 17    God:    Vehumet [*.....]
Gold:   45         SH:  0    Dex: 10    Spells: 6/15 levels left

rFire    . . .     SeeInvis +   a - +1 short sword
rCold    . . .     Faith    .   (no shield)
rNeg     + . .     Spirit   .   c - +0 robe
rPois    ∞         Reflect  .   (no helmet)
rElec    +         Harm     .   n - +2 cloak
rCorr    .                      (no gloves)
MR       .....                  i - +0 pair of boots
Stlth    ++........             (no amulet)
HPRegen  0.12/turn              j - ring of see invisible
MPRegen  0.14/turn              (no ring)

@: no status effects
A: negative energy resistance 1, electricity resistance, unbreathing,
petrification resistance, rot immunity, AC +4
a: Renounce Religion


You were on level 4 of the Dungeon.
You worshipped Vehumet.
Vehumet was aware of your devotion.
You visited 1 branch of the dungeon, and saw 4 of its levels.

You collected 475 gold pieces.
You spent 430 gold pieces at shops.

Inventory:

Hand Weapons
 a - a +1 short sword (weapon)
Missiles
 b - 98 stones (quivered)
Armour
 c - a +0 robe (worn)
 i - a +0 pair of boots (worn)
 n - a +2 cloak (worn)
Jewellery
 j - a ring of see invisible (left hand)
Wands
 f - a wand of flame (17)
 p - a wand of paralysis (7)
 q - a wand of random effects (17)
 r - a wand of polymorph (7)
Scrolls
 g - a scroll of enchant weapon
 h - 5 scrolls of identify
 k - 3 scrolls of teleportation
 l - a scroll of amnesia
 s - a scroll of magic mapping
Potions
 d - 2 potions of heal wounds
 e - a potion of flight
 m - 4 potions of curing
 o - a potion of invisibility


   Skills:
 - Level 1.5 Dodging
 - Level 2.1 Stealth
 + Level 4.7 Spellcasting
 + Level 4.4 Conjurations
   Level 0.7 Transmutations
 + Level 6.7 Earth Magic


You had 6 spell levels left.
You knew the following spells:

 Your Spells              Type           Power        Failure   Level
a - Sandblast             Erth           ####..       1%          1
b - Stone Arrow           Conj/Erth      ###...       4%          3
c - Lee's Rapid Deconstr  Erth           ####......   26%         5

Your spell library contained the following spells:

 Spells                   Type           Power        Failure   Level
 Shock                    Conj/Air       ##..         6%          1
 Passwall                 Tmut/Erth      ###.....     4%          2
 Petrify                  Tmut/Erth      ###.....     30%         4


Dungeon Overview and Level Annotations

Branches:
Dungeon (4/15)
 Temple: D:4-7

Altars:
Ashenzari
Dithmenos
Fedhas
Hepliaklqana
Qazlal
Vehumet
The Shining One

Shops:
D:4 =:*[(


Innate Abilities, Weirdness & Mutations

You are resistant to torment.
Your stone body is resilient. (AC +4)
You are immune to poison.
You resist negative energy. (rN+)
You are resistant to electric shocks. (rElec)
You can survive without breathing.
You are immune to petrification.
You are immune to rotting.


Message History

You are too injured to fight recklessly!
Casting: Sandblast (safe; 1% risk of failure)
Confirm with . or Enter, or press ? or * to list all spells.
Aiming: Sandblast (safe; 1% risk of failure)
Press: ? - help, Shift-Dir - straight line, f - iguana
Aim: an iguana (heavily wounded)
The blast of sand hits the iguana.
The iguana is almost dead.
b - 99 stones The iguana bites you!
* * * LOW HITPOINT WARNING * * *
Casting: Sandblast (safe; 1% risk of failure)
Confirm with . or Enter, or press ? or * to list all spells.
Aiming: Sandblast (safe; 1% risk of failure)
Press: ? - help, Shift-Dir - straight line, f/p - iguana
Aim: an iguana (almost dead)
The blast of sand misses the iguana.
b - 98 stones The iguana bites you!
You die...

#.# #.# #.#
#.# #.# #.#
# #.# #.
#.# #.###
#@# #....
#l#
#....####.#
#......##.#
#.........#
#.....#####
#.....#
#.....#
#.....#


You could see an iguana.

Vanquished Creatures
  Grinder (D:3)
  A phantom (D:4)
  A sky beast (D:4)
  A hound (D:3)
  Ijyb (D:3)
  A worker ant (D:3)
  4 gnolls (D:3)
  6 adders
  3 oozes
  A worm (D:3)
  4 dart slugs
  3 leopard geckos
  An orc (D:3)
  6 giant cockroaches
  8 hobgoblins
  7 jackals
  3 ball pythons
  8 bats
  9 frilled lizards
  13 goblins
  5 kobolds
  14 rats
101 creatures vanquished.

Notes
Turn   | Place    | Note
-------+----------+-------------------------------------------
     0 | D:1      | Errates the Gargoyle Earth Elementalist began the quest for
                  | the Orb.
     0 | D:1      | Reached XP level 1. HP: 10/10 MP: 3/3
   223 | D:1      | Reached skill level 4 in Earth Magic
   223 | D:1      | Reached XP level 2. HP: 15/15 MP: 5/5
   919 | D:1      | Reached XP level 3. HP: 11/19 MP: 6/6
   926 | D:1      | Learned a level 3 spell: Stone Arrow
  2095 | D:2      | Reached skill level 1 in Conjurations
  2111 | D:2      | Reached XP level 4. HP: 23/24 MP: 6/8
  2342 | D:2      | Found a shadowy altar of Dithmenos.
  2346 | D:2      | Found a blossoming altar of Fedhas.
  2347 | D:2      | Found a glowing golden altar of the Shining One.
  2359 | D:2      | Found a shattered altar of Ashenzari.
  2359 | D:2      | Found a radiant altar of Vehumet.
  2372 | D:2      | Became a worshipper of Vehumet
  2624 | D:3      | Reached skill level 5 in Earth Magic
  2847 | D:3      | Reached XP level 5. HP: 19/28 MP: 9/9
  2854 | D:3      | Learned a level 5 spell: Lee's Rapid Deconstruction
  3070 | D:3      | Noticed Ijyb
  3090 | D:3      | Killed Ijyb
  4061 | D:3      | Reached * piety under Vehumet
  4061 | D:3      | Offered knowledge of Shock by Vehumet.
  4061 | D:3      | Reached XP level 6. HP: 24/32 MP: 11/11
  4260 | D:3      | Noticed Grinder
  4278 | D:3      | Killed Grinder
  4278 | D:3      | Reached skill level 6 in Earth Magic
  4413 | D:3      | Reached XP level 7. HP: 35/36 MP: 9/13
  4584 | D:3      | Found a stormy altar of Qazlal.
  4947 | D:4      | Found a hazy altar of Hepliaklqana.
  4963 | D:4      | Found Ynu Yhoch's Jewellery Boutique.
  4976 | D:4      | Found Pireroberi's Book Shop.
  4991 | D:4      | Found Aremmy's Assorted Antiques.
  4993 | D:4      | Found Isiasus's Antique Armour Boutique.
  4996 | D:4      | Bought a scroll of identify for 36 gold pieces
  4996 | D:4      | Bought a white potion for 16 gold pieces
  5025 | D:4      | Bought 2 potions of curing for 108 gold pieces
  5025 | D:4      | Bought a forked brass wand for 72 gold pieces
  5025 | D:4      | Bought a jewelled glass wand for 72 gold pieces
  5025 | D:4      | Bought a blackened bronze wand for 72 gold pieces
  5025 | D:4      | Bought a scroll of teleportation for 54 gold pieces
  5098 | D:4      | Found Tamial's Weapon Shoppe.
  5168 | D:4      | Slain by an iguana

Illustrated notes

Levels and vault maps discovered:
D:1:      lightli_arrival_maybe_door_vault, layout_loops_ring, minmay_cut_off
D:2:      layout_rooms, minmay_overflow_temple_star_hex
D:3:      minmay_razor_zed, layout_basic, nicolae_qazlal_general_emergency,
          uniq_grinder, uniq_ijyb
D:4:      minmay_recursive_quarters, layout_rooms, lemuel_crystal_altar,
          serial_shops, shop_statue, nicolae_shop_behind_doors, shop_coins,
          shop, shop, chequers_mini_garden, led_sif_book

Skill      XL: |  1  2  3  4  5  6  7 |
---------------+----------------------+-----
Earth Magic    | 4 5 6 |  6.7
Conjurations   | 1 2 3 4 |  4.4
Spellcasting   | 3 4 |  4.7
Dodging        | |  1.5
Stealth        | |  2.1
Transmutations | |  0.7

Action                   |  1- 3 |  4- 6 |  7- 9 || total
-------------------------+-------+-------+-------++-------
Melee: Short sword       |   178 |   138 |    64 ||   380
       Unarmed           |     1 |       |       ||     1
       Flail             |    23 |       |       ||    23
 Cast: Sandblast         |    14 |    40 |    18 ||    72
       Lee's Rapid Decon |       |     1 |       ||     1
       Stone Arrow       |       |     1 |       ||     1
Evoke: Wand              |       |     5 |       ||     5
  Use: Scroll            |     9 |     1 |     1 ||    11
       Potion            |       |     3 |       ||     3
 Stab: Sleeping          |     4 |     1 |     2 ||     7
       Distracted        |     1 |       |       ||     1
Armor: Robe              |    63 |    56 |    25 ||   144
       Skin              |       |     7 |       ||     7
Dodge: Dodged            |   152 |   142 |    47 ||   341

Table legend: (Time is in decaauts)
 A = Elapsed time spent in this place.
 B = Non-inter-level travel time spent in this place.
 C = Inter-level travel time spent in this place.
 D = Time resting spent in this place.
 E = Time spent auto-exploring this place.
 F = Levels seen in this place.
 G = Mean time per level.
                   A        B        C        D        E       F      G
               +--------+--------+--------+--------+--------+-----+--------+
         Total |   5223 |   5112 |    111 |   1155 |   2692 |   4 | 1305.8 |
       Dungeon |   5223 |   5112 |    111 |   1155 |   2692 |   4 | 1305.8 |
               +--------+--------+--------+--------+--------+-----+--------+

Top non-repeatable levels by time:
     D:3: 2114 daAuts
     D:1: 1641 daAuts
     D:2: 1148 daAuts
     D:4: 319 daAuts
